 Dungeon Crawl Stone Soup version 0.30-a0-263-ge22c4ad894 (webtiles) character file.

Game seed: 15970679551828285279

7 drewk1942 the Sneak (level 2, 0/19 HPs)
             Began as an Octopode Brigand on Oct 13, 2022.
             Was a Follower of Qazlal.
             Slain by an endoplasm (3 damage)
             ... on level 1 of the Dungeon.
             The game lasted 00:01:05 (169 turns).

drewk1942 the Sneak (Octopode Brigand)               Turns: 169, Time: 00:01:06

Health: 0/19       AC:  1    Str: 10    XL:     2   Next: 0%
Magic:  2/2        EV: 13    Int: 13    God:    Qazlal [*.....]
Gold:   0          SH:  1    Dex: 13    Spells: 1/1 levels left

rFire   . . .      SeeInvis .    a - +2 dagger
rCold   . . .      Faith    .    (no shield)
rNeg    . . .      Spirit   .    (helmet restricted)
rPois   .          Reflect  .    (no amulet)
rElec   .          Harm     .    (no ring)
rCorr   .          Rampage  .    (no ring)
Will    .....                    (no ring)
Stlth   +++++.....               (no ring)
HPRegen 0.23/turn                (no ring)
MPRegen 0.08/turn                (no ring)
                                 (no ring)
                                 (no ring)

@: no status effects
A: almost no armour, amphibious, 8 rings, camouflage 1, gelatinous body 1,
nimble swimmer 1, tentacles
a: Renounce Religion


You were on level 1 of the Dungeon.
You worshipped Qazlal.
Qazlal was aware of your devotion.
You visited 1 branch of the dungeon, and saw 1 of its levels.

Inventory:

Hand Weapons
 a - a +2 dagger (weapon)
 d - a +0 dagger of draining
Missiles
 b - 9 poisoned darts (quivered)
 c - 3 curare-tipped darts
Scrolls
 f - a scroll of fear {unknown}
 g - a scroll of acquirement {unknown}
Potions
 e - a potion of curing {unknown}
 h - a potion of cancellation {unknown}


   Skills:
 + Level 2.1 Fighting
 + Level 2.1 Short Blades
 + Level 2.1 Throwing
 + Level 1.2 Dodging
 + Level 5.4 Stealth


You had one spell level left.
You didn't know any spells.
Your spell library was empty.

Dungeon Overview and Level Annotations

Branches:
Dungeon (1/15)

Altars:
Qazlal


Innate Abilities, Weirdness & Mutations

You cannot wear most types of armour.
You are amphibious.
You can wear up to eight rings at the same time.
Your skin changes colour to match your surroundings (Stealth+).
Your rubbery body absorbs attacks. (AC +1, EV +1)
You are camouflaged when in or above water. (Stealth+)
You have tentacles for arms and can constrict up to eight enemies at once.


Message History

You hit the quokka. You grab the quokka.
The quokka is almost dead.
You constrict the quokka, but do no damage.
The quokka closely misses you.
You hit the quokka.
You kill the quokka!
Qazlal accepts your kill.
You have reached level 2!
HP restored.
You see here a hobgoblin corpse.
An endoplasm comes into view.
The endoplasm freezes you.
You are frozen.
The endoplasm barely misses you. The endoplasm hits you.
The endoplasm misses you. The endoplasm hits you. The endoplasm hits you.
The endoplasm misses you. The endoplasm hits you. The endoplasm hits you.
The endoplasm barely misses you. The endoplasm barely misses you.
The endoplasm hits you. The endoplasm barely misses you.
The endoplasm freezes you.
You are frozen.
The endoplasm freezes you.
You are frozen.
* * * LOW HITPOINT WARNING * * *
The endoplasm misses you.
The endoplasm jiggles.
The endoplasm closely misses you. The endoplasm barely misses you.
The endoplasm barely misses you. The endoplasm freezes you.
You are frozen.
* * * LOW HITPOINT WARNING * * *
The endoplasm hits you.
You die...

#.#..~.~#.~# #.##.##
## #.'....~#~.#
#.>### #.'...._~~~#
#.## ###.'.~..~#.~#
#... #...#~...~#..#
.#
#####.#~~#..~~##.##
..
......#.~##~#.~#..#.#
†####.....~~~.8#~J..#
..###.#####~####@##.#
†.†##.# #~.~~.~...#
...##.########.####.#
.#.............# ..
......########## ##
...#### ##.# #.# #.#


You could see an endoplasm.

Vanquished Creatures
  A ball python (D:1)
  A hobgoblin (D:1)
  2 quokkas (D:1)
  A frilled lizard (D:1)
  A spectral goblin (D:1)
6 creatures vanquished.

Notes
Turn   | Place    | Note
-------+----------+-------------------------------------------
     0 | D:1      | drewk1942 the Octopode Brigand began the quest for the Orb.
     0 | D:1      | Reached XP level 1. HP: 14/14 MP: 1/1
    70 | D:1      | Found a faded altar of an unknown god.
    75 | D:1      | Prayed at the altar of an unknown god.
    75 | D:1      | Became a worshipper of Qazlal Stormbringer
    75 | D:1      | Reached * piety under Qazlal
   105 | D:1      | Reached XP level 2. HP: 13/19 MP: 2/2
   169 | D:1      | Slain by an endoplasm

Illustrated notes

Levels and vault maps discovered:
D:1:      onia_arrival_handbag, layout_loops_cross,
          dreamdust_ecumenical_altar_drowned_temple, st_stairs_6

Action                   || total
-------------------------++-------
Melee: Dagger            ||    14
       Constrict         ||     3
       Tentacles         ||     2
 Stab: Sleeping          ||     2
Armor: Skin              ||     2
Dodge: Dodged            ||    15

Table legend: (Time is in decaauts)
 A = Elapsed time spent in this place.
 B = Non-inter-level travel time spent in this place.
 C = Inter-level travel time spent in this place.
 D = Time resting spent in this place.
 E = Time spent auto-exploring this place.
 F = Levels seen in this place.
 G = Mean time per level.
                   A        B        C        D        E       F      G
               +--------+--------+--------+--------+--------+-----+--------+
         Total |    167 |    132 |     35 |      0 |     69 |   1 |  167.0 |
       Dungeon |    167 |    132 |     35 |      0 |     69 |   1 |  167.0 |
               +--------+--------+--------+--------+--------+-----+--------+

Top non-repeatable levels by time:
     D:1: 167 daAuts
